 Dungeon Crawl Stone Soup version 0.21-a0-618-g6cbd37f (webtiles) character file.

74 luca467 the Twirler (level 4, -2/34 HPs)
             Began as a Mummy Gladiator on Dec 23, 2017.
             Slain by a scorpion (9 damage)
             ... on level 3 of the Dungeon.
             The game lasted 00:05:13 (2630 turns).

luca467 the Twirler (Mummy Gladiator)               Turns: 2630, Time: 00:05:13

Health: -2/34      AC:  4    Str: 17    XL:     4   Next: 10%
Magic:  7/7        EV: 12    Int:  8    God:
Gold:   101        SH:  0    Dex: 13    Spells: 7/7 levels left

rFire    x . .     SeeInvis .   a - +0 quarterstaff
rCold    + . .     Gourm    .   (shield currently unavailable)
rNeg     + + +     Faith    .   b - +0 leather armour
rPois    ∞         Spirit   .   c - +0 helmet
rElec    .         Reflect  .   (no cloak)
rCorr    .         Harm     .   (no gloves)
MR       .....                  (no boots)
Stlth    +.........             (no amulet)
HPRegen  0.11/turn              (no ring)
MPRegen  0.10/turn              (no ring)

@: no status effects
A: no food or potions, fire vulnerability, cold resistance 1, negative energy
resistance 3, torment resistance, unbreathing
a: no special abilities


You were on level 3 of the Dungeon.
You were not hungry.

You visited 1 branch of the dungeon, and saw 3 of its levels.

You collected 101 gold pieces.

Inventory:

Hand Weapons
 a - a +0 quarterstaff (weapon)
Missiles
 d - 3 throwing nets
 i - 6 steel javelins (quivered)
 o - 6 javelins
Armour
 b - a +0 leather armour (worn)
 c - a +0 helmet (worn)
 g - a cursed +0 leather armour
Scrolls
 e - 2 scrolls of identify {unknown}
 f - 6 scrolls of remove curse {unknown}
 h - a scroll of random uselessness {unknown}
 j - a scroll of fog {unknown}
 k - a scroll of enchant armour {unknown}
 l - a scroll of teleportation {unknown}
 m - a scroll of noise {unknown}
 n - 3 scrolls of blinking {unknown}


   Skills:
 + Level 2.7 Fighting
 * Level 3.3 Staves
 - Level 1.5 Throwing
 - Level 2.4 Dodging
 + Level 2.0 Spellcasting


You had 7 spell levels left.
You didn't know any spells.

Dungeon Overview and Level Annotations

Branches:
Dungeon (3/15)

Altars:


Innate Abilities, Weirdness & Mutations

You do not eat or drink.
Your flesh is vulnerable to fire.
You are immune to poison.
Your flesh is cold resistant. (rC+)
You are immune to negative energy. (rN+++)
You are immune to unholy pain and torment.
You can survive without breathing.


Message History

The scorpion stings you. The scorpion completely misses you.
The scorpion stings you. The scorpion misses you.
The scorpion closely misses you. The scorpion stings you.
The scorpion closely misses you. The scorpion stings you.
The scorpion barely misses you. The scorpion stings you!
* * * LOW HITPOINT WARNING * * *
The scorpion misses you.
The scorpion stings you but does no damage.
The scorpion stings you but does no damage.
The scorpion misses you. The scorpion barely misses you.
The scorpion closely misses you. The scorpion misses you.
The scorpion stings you!
You die...

########### ##..........
##...########
######.....### #
#..>.........# #
#######.####.....#.# #
#.......####.......# #
.....###@......(....## #
.......s.####........####
##.....### #........(.<.
##.... ##.......#### #$.#
##.....## #.. ##....# #.
##.#.# # #.#.# #....


You could see a scorpion.

Vanquished Creatures
  A gnoll (D:1)
  An adder (D:3)
  An ooze (D:1)
  A worm (D:2)
  2 dart slugs
  2 leopard geckos
  A ball python (D:2)
  5 bats
  A giant cockroach (D:1)
  13 goblins
  4 hobgoblins (D:1)
  2 kobolds (D:1)
  2 frilled lizards
  8 rats
44 creatures vanquished.

Notes
Turn   | Place    | Note
-------+----------+-------------------------------------------
     0 | D:1      | luca467 the Mummy Gladiator began the quest for the Orb.
     0 | D:1      | Reached XP level 1. HP: 16/16 MP: 1/1
   117 | D:1      | Reached XP level 2. HP: 22/22 MP: 1/3
   214 | D:1      | Reached skill level 1 in Spellcasting
   321 | D:1      | Reached skill level 3 in Staves
   431 | D:1      | Reached XP level 3. HP: 27/28 MP: 5/5
  1572 | D:2      | Found a faded altar of an unknown god.
  1711 | D:3      | Reached XP level 4. HP: 26/34 MP: 7/7
  2630 | D:3      | Slain by a scorpion

Vault maps used:
D:1:      wheals_arrival_shading, serial_forest, infiniplex_forest_clump_long,
          infiniplex_forest_end_3, infiniplex_forest_clump_C,
          infiniplex_forest_end_2, infiniplex_forest_clump_C
D:2:      kennysheep_the_goblin_king, chequers_ecumenical_altar_simple
D:3:      lemuel_doored_altar, nicolae_overflow_hidden_temple, uniq_grinder

Skill      XL: |  1  2  3 |
---------------+----------+-----
Spellcasting   | 1 2 |  2.0
Staves         | 3 |  3.3
Fighting       | |  2.7
Throwing       | |  1.5
Dodging        | |  2.4

Action                   |  1- 3 |  4- 6 || total
-------------------------+-------+-------++-------
Melee: Quarterstaff      |   127 |       ||   127
Armor: Leather armour    |    36 |     3 ||    39
Dodge: Dodged            |    94 |    13 ||   107

Table legend:
 A = Spawn XP
 B = Non-spawn XP
 C = Spawn XP percentage of total XP
 D = Spawn monster count
 E = Non-spawn monster count
 F = Spawn count percentage of total count
 G = Total turns spent on level
                    A         B        C        D         E        F      G
               +---------+---------+-------+---------+---------+-------+---------
         Total |       0 |     107 |   0.0 |       0 |      44 |   0.0 |  2630
               +---------+---------+-------+---------+---------+-------+---------
           D:1 |       0 |      60 |   0.0 |       0 |      24 |   0.0 |  1155
           D:2 |       0 |      34 |   0.0 |       0 |      19 |   0.0 |   540
           D:3 |       0 |      13 |   0.0 |       0 |       1 |   0.0 |   935
               +---------+---------+-------+---------+---------+-------+---------
